 Dungeon Crawl Stone Soup version 0.31-a0-187-gba352fbbf7 (webtiles) character file.

Game seed: 13201043428456578246

128 qw the Skirmisher (level 4, 0/25 HPs)
             Began as a Deep Elf Hunter on June 22, 2023.
             Slain by a river rat (8 damage)
             ... on level 3 of the Dungeon.
             The game lasted 00:00:47 (2117 turns).

qw the Skirmisher (Deep Elf Hunter)                 Turns: 2117, Time: 00:00:48

Health: 0/25       AC:  5    Str: 10    XL:     4   Next: 86%
Magic:  6/6        EV: 11    Int: 14    God:
Gold:   13         SH:  0    Dex: 18    Spells: 3/3 levels left

rFire   . . .        Y - +0 shortbow
rCold   . . .        (shield currently unavailable)
rNeg    . . .        h - +0 ring mail
rPois   .            (no helmet)
rElec   .            (no cloak)
rCorr   .            (no gloves)
SInv    .            (no boots)
Will    .....        (no amulet)
Stlth   +            (no ring)
HPRegen 0.24/turn    (no ring)
MPRegen 0.10/turn

%: no passive effects
@: no status effects
A: no striking features
a: no special abilities


You were on level 3 of the Dungeon.
You visited 1 branch of the dungeon, and saw 3 of its levels.

You collected 133 gold pieces.
You spent 120 gold pieces at shops.


   Skills:
 - Level 1.5 Fighting
 + Level 8.3 Ranged Weapons
 - Level 2.4 Dodging
 - Level 1.2 Stealth


You had 3 spell levels left.
You didn't know any spells.
Your spell library was empty.

Inventory:

Hand Weapons
 Y - a +0 shortbow (weapon)
Armour
 h - a +0 ring mail (worn)
Wands
 a - a wand of quicksilver (8)
Scrolls
 c - 3 scrolls of teleportation
 i - a scroll of fog {unknown}
Potions
 b - a potion of ambrosia {unknown}
 d - a potion of enlightenment {unknown}
 e - a potion of curing
 f - a potion of heal wounds
 g - a potion of degeneration {unknown}
 j - a potion of might {unknown}

Dungeon Overview and Level Annotations

Branches:
Dungeon (3/15)

Altars:

Shops:
D:3 *


Message History

Enter note: A river rat comes into view.
Enter note:
Enter note: You shoot an arrow.
The arrow hits the river rat.
The river rat is moderately wounded.
You hear the brisk rusting of a drain very nearby.
You shoot an arrow.
The arrow hits the river rat but does no damage.
The river rat is moderately wounded.
You shoot an arrow. The arrow hits the river rat.
The river rat is severely wounded.
You shoot an arrow. The arrow closely misses the river rat.
You shoot an arrow. The arrow hits the river rat.
The river rat is almost dead.
You shoot an arrow.
The arrow hits the river rat but does no damage.
The river rat is almost dead.
The river rat barely misses you.
You shoot an arrow. The arrow closely misses the river rat.
The river rat barely misses you.
You shoot an arrow. The arrow barely misses the river rat.
The river rat bites you.
You shoot an arrow.
The arrow hits the river rat but does no damage.
The river rat is almost dead.
The river rat barely misses you.
You shoot an arrow. The arrow closely misses the river rat.
The river rat bites you.
You shoot an arrow. The arrow closely misses the river rat.
The river rat bites you. x2
You shoot an arrow.
The arrow hits the river rat but does no damage.
The river rat is almost dead.
The river rat completely misses you.
You shoot an arrow.
The arrow hits the river rat but does no damage.
The river rat is almost dead.
The river rat bites you!
You die...

..~~~ ...~.
#..... .... #...
##..# #.r# ##@#
####..#
##########....##
#..........####
#.......####
#.......#
+......>#
#.......#
#....####.#


You could see a river rat.

Vanquished Creatures
  A hound (D:3)
  2 adders (D:3)
  A worm (D:2)
  3 dart slugs
  An orc (D:3)
  5 ball pythons
  5 bats
  7 endoplasms
  A giant cockroach (D:2)
  6 goblins
  6 hobgoblins
  10 jackals
  6 kobolds
  4 quokkas
  2 frilled lizards
  3 rats
63 creatures vanquished.

Notes
Turn   | Place    | Note
-------+----------+-------------------------------------------
     0 | D:1      | qw the Deep Elf Hunter began the quest for the Orb.
     0 | D:1      | Reached XP level 1. HP: 12/12 MP: 3/3
     0 | D:1      | 0 ||| qw: Version: 0.3-a-9-g12657ce
     0 | D:1      | 0 ||| qw: Game counter: 2238
     0 | D:1      | 0 ||| qw: Always use a shield: true
     0 | D:1      | 0 ||| qw: God list: Okawaru
     0 | D:1      | 0 ||| qw: Allow faded altars: false
     0 | D:1      | 0 ||| qw: Do Orc after D:15 true
     0 | D:1      | 0 ||| qw: Do second Lair branch before Depths: true
     0 | D:1      | 0 ||| qw: Lair rune preference: random
     0 | D:1      | 0 ||| qw: Plans: Normal
     0 | D:1      | 0 ||| PLANNING D:1-11
    24 | D:1      | 24 ||| FLEEEEING.
   135 | D:1      | Reached XP level 2. HP: 16/16 MP: 4/4
   148 | D:1      | Reached skill level 6 in Ranged Weapons
   348 | D:1      | Reached XP level 3. HP: 18/20 MP: 5/5
  1033 | D:1      | 1033 ||| UPGRADING to +0 ring mail.
  1043 | D:1      | 1043 ||| DROPPING +0 leather armour.
  1044 | D:1      | 1044 ||| READING 2 scrolls labelled OWKEAM VOR USE.
  1045 | D:1      | 1045 ||| READING scroll labelled YNIVUA OGOEM.
  1046 | D:1      | 1046 ||| DROPPING scroll of vulnerability.
  1047 | D:1      | 1047 ||| DROPPING scroll of butterflies.
  1116 | D:2      | Reached skill level 7 in Ranged Weapons
  1349 | D:2      | Identified the +11 short sword of Xotoos {speed, rF+ Int-2
                  | Dex+3}
  1472 | D:2      | Reached XP level 4. HP: 25/25 MP: 6/6
  1773 | D:2      | 1773 ||| READING scroll labelled PEKKIL ENILYF.
  1774 | D:2      | 1774 ||| READING 2 scrolls labelled VOFUEV MUGE.
  1778 | D:2      | 1778 ||| DRINKING 2 brown potions.
  1779 | D:2      | 1779 ||| DRINKING 2 sedimented clear potions.
  1810 | D:3      | 1810 ||| PLANNING SEWER
  1826 | D:3      | Found Uwith's Assorted Antiques.
  1843 | D:3      | 1843 ||| SHOPLISTING helmet (135 gold, have 121).
  1843 | D:3      | 1843 ||| BUYING jewelled bronze wand (120 gold).
  1843 | D:3      | Bought a jewelled bronze wand for 120 gold pieces
  1843 | D:3      | 1843 ||| SHOPLISTING scroll labelled CYTUBL OSOX (30 gold,
                  | have 1).
  1843 | D:3      | 1843 ||| SHOPLISTING scroll labelled IGOCAODDOFF (30 gold,
                  | have 1).
  1843 | D:3      | 1843 ||| SHOPLISTING scroll labelled TYLIRA ZUDO (30 gold,
                  | have 1).
  1843 | D:3      | 1843 ||| SHOPLISTING tubular granite ring (150 gold, have
                  | 1).
  2077 | D:3      | Reached skill level 8 in Ranged Weapons
  2117 | D:3      | Slain by a river rat

Levels and vault maps discovered:
D:1:      dpeg_arrival_shelter, layout_basic, minmay_tripent
D:2:      layout_loops_ring
D:3:      layout_basic, mainiacjoe_overflow_brackets, serial_shops,
          nicolae_shop_advertising_works [nicolae_subvault_shop_adworks],
          portal_sewer_entry_e, chequers_serial_rivers_micro_b

Skill      XL: |  1  2  3  4 |
---------------+-------------+-----
Ranged Weapons | 6 7 8 |  8.3
Fighting       | |  1.5
Dodging        | |  2.4
Stealth        | |  1.2

Action                     |  1- 3 |  4- 6 || total
---------------------------+-------+-------++-------
   Fire: Shortbow          |   144 |    59 ||   203
    Use: Scroll            |     2 |     2 ||     4
         Potion            |       |     2 ||     2
 Armour: Leather armour    |    12 |       ||    12
         Ring mail         |     8 |     5 ||    13
  Dodge: Dodged            |    40 |     9 ||    49

Table legend:
 A = Non-vault XP
 B = Vault XP
 C = Vault XP percentage of total XP
 D = Non-vault monster count
 E = Vault monster count
 F = Vault count percentage of total count
                 A         B        C        D         E       F
            +---------+---------+-------+---------+---------+-------
      Total |     179 |       4 |   2.2 |      61 |       2 |   3.2
            +---------+---------+-------+---------+---------+-------
        D:1 |      54 |       4 |   6.9 |      30 |       2 |   6.2
        D:2 |      45 |       0 |   0.0 |      21 |       0 |   0.0
        D:3 |      80 |       0 |   0.0 |      10 |       0 |   0.0
            +---------+---------+-------+---------+---------+-------
